 Dungeon Crawl Stone Soup version 0.30.1-11-g7821555f0a (webtiles) character file.

Game seed: 7343346564142885543

107 LowPressure the Ruffian (level 4, 0/35 HPs)
             Began as a Draconian Transmuter on Jan 17, 2024.
             Slain by an iguana (10 damage)
             ... on level 2 of the Dungeon.
             The game lasted 00:05:34 (1384 turns).

LowPressure the Ruffian (Draconian Transmuter)      Turns: 1384, Time: 00:05:34

Health: 0/35       AC:  5    Str: 13    XL:     4   Next: 57%
Magic:  6/8        EV: 12    Int: 15    God:
Gold:   56         SH:  0    Dex: 11    Spells: 2/8 levels left

rFire   . .          .
                       - Unarmed
rCold   . . .        (no shield)
rNeg    . . .        (body armour unavailable)
rPois   .            (helmet currently unavailable)
rElec   .            (no cloak)
rCorr   .            (no gloves)
SInv    .            (boots currently unavailable)
Will    .....        (no amulet)
Stlth   +            (no ring)
HPRegen 0.25/turn    (no ring)
MPRegen 0.11/turn

%: no passive effects
@: appendages (expiring), wereblooded
A: horns 2, talons 2, AC +5, unfitting armour, cold-blooded
a: End Transformation


You were on level 2 of the Dungeon.
You had temporarily grown beastly horns and talons.
You visited 1 branch of the dungeon, and saw 2 of its levels.

You collected 56 gold pieces.

Inventory:

Jewellery
 b - a ring of ice
 d - a ring of flight
Scrolls
 e - 2 scrolls of identify {unknown}
 g - 2 scrolls of fear {unknown}
 h - a scroll of vulnerability {unknown}
 i - a scroll of blinking {unknown}
Potions
 a - 2 potions of lignification
 c - 2 potions of curing {unknown}
 f - a potion of attraction {unknown}


   Skills:
 + Level 1.2 Fighting
 + Level 2.6 Dodging
 + Level 0.1 Stealth
 + Level 3.8 Unarmed Combat
 + Level 2.6 Spellcasting
 + Level 2.7 Transmutations


You had 2 spell levels left.
You knew the following spells:

 Your Spells              Type           Power      Damage    Failure   Level
a - Beastly Appendage     Tmut           20%        N/A       7%          1
b - Wereblood             Tmut           10%        N/A       10%         2
c - Spider Form           Tmut/Pois      6%         N/A       34%         3

Your spell library contained the following spells:

 Spells                   Type           Power      Damage    Failure   Level
 Shock                    Conj/Air       8%         1d3       21%         1
 Swiftness                Air            2%         N/A       52%         3
 Ice Form                 Ice/Tmut       6%         N/A       75%         4
 Airstrike                Air            1%         2d(1-17)  90%         4


Dungeon Overview and Level Annotations

Branches:
Dungeon (2/15)

Altars:


Innate Abilities, Weirdness & Mutations

You have temporarily grown beastly horns and talons.
Your plain brown scales are hard. (AC +5)
You cannot fit into any form of body armour.
You are cold-blooded and may be slowed by cold attacks.


Message History

Things that are here:
a +0 short sword; a +0 scale mail Your horns disappear.
Your talons disappear.
You howl as the wereblood boils in your veins!
Your primal bloodlust is almost over.
You pick up a book of Air and begin reading...
You add the spells Shock, Swiftness and Airstrike to your library.
Okay, then.
You howl as the wereblood boils in your veins!
Your primal bloodlust has ended.
Found a stone staircase leading down.
Found an escape hatch in the ceiling.
i - a scroll labelled JEGYCO DEOXKE An iguana comes into view.
An iguana is nearby!
Casting: Wereblood (safe; 10% risk of failure)
Confirm with . or Enter, or press ? or * to list all spells.
You grow a pair of large bovine horns.
Your feet morph into talons.
Casting: Beastly Appendage (safe; 7% risk of failure)
Confirm with . or Enter, or press ? or * to list all spells.
Your blood is infused with primal strength.
The iguana hisses angrily.
You hit the iguana but do no damage. You claw the iguana, but do no damage.
The iguana bites you!
You closely miss the iguana. Your kick misses the iguana.
Your headbutt misses the iguana.
Your transformation is almost over.
The iguana bites you!
You hit the iguana but do no damage. Your kick misses the iguana.
Your tail-slap misses the iguana.
The iguana bites you!
You hit the iguana.
The iguana is moderately wounded.
You punch the iguana! Your kick misses the iguana.
The iguana is almost dead.
The iguana bites you.
* * * LOW HITPOINT WARNING * * *
You hit the iguana but do no damage. You claw the iguana.
The iguana is almost dead.
The iguana bites you!
You die...

#+#
#.......###.#
######......#
##.##### #.#
#.# #.# #.#
##.###.##
#.....@.#
#.####l.#
...# #.#.# ..
.# ##. ## #.
..


You could see an iguana.

Vanquished Creatures
  Terence (D:2)
  Robin (D:2)
  An adder (D:2)
  A worm (D:2)
  2 dart slugs (D:1)
  3 bats
  5 endoplasms
  4 giant cockroaches
  15 goblins
  4 hobgoblins
  5 ball pythons
  4 kobolds
  4 rats
50 creatures vanquished.

Notes
Turn   | Place    | Note
-------+----------+-------------------------------------------
     0 | D:1      | LowPressure the Draconian Transmuter began the quest for
                  | the Orb.
     0 | D:1      | Reached XP level 1. HP: 16/16 MP: 3/3
   239 | D:2      | Reached XP level 2. HP: 23/23 MP: 5/5
   438 | D:1      | Learned a level 2 spell: Wereblood
   703 | D:1      | Reached XP level 3. HP: 28/28 MP: 4/6
   864 | D:2      | Noticed Robin
   887 | D:2      | Killed Robin
  1039 | D:2      | Learned a level 3 spell: Spider Form
  1131 | D:2      | Reached XP level 4. HP: 32/35 MP: 3/7
  1270 | D:2      | Noticed Terence
  1286 | D:2      | Killed Terence
  1384 | D:2      | Slain by an iguana

Illustrated notes

Levels and vault maps discovered:
D:1:      lightli_arrival_windingriver, layout_basic, minmay_misc_feat_tiny
D:2:      layout_loops_corners, uniq_terence, uniq_robin

Skill      XL: |  1  2 |
---------------+-------+-----
Dodging        | 2 |  2.6
Fighting       | |  1.2
Stealth        | |  0.1
Unarmed Combat | |  3.8
Spellcasting   | |  2.6
Transmutations | |  2.7

Action                     |  1- 3 |  4- 6 || total
---------------------------+-------+-------++-------
  Melee: Unarmed           |    84 |    23 ||   107
         Kick              |    20 |     7 ||    27
         Headbutt          |     8 |     3 ||    11
         Tailslap          |     8 |     1 ||     9
   Cast: Beastly Appendage |    20 |     4 ||    24
         Wereblood         |     4 |     3 ||     7
 Armour: Skin              |    21 |     2 ||    23
  Dodge: Dodged            |    69 |    13 ||    82
